 Dungeon Crawl Stone Soup version 0.29-a0-334-gb41bcbb86e (webtiles) character file.

Game seed: 2234072195805698613

625 spaghetti the Changer (level 5, 0/44 (45) HPs)
             Began as a Deep Dwarf Transmuter on Apr 15, 2022.
             Was a Priest of Ru.
             Slain by Duvessa
             ... wielding a +4 rapier of speed
              (19 damage)
             ... on level 5 of the Dungeon.
             The game lasted 00:09:37 (3527 turns).

spaghetti the Changer (Deep Dwarf Transmuter)       Turns: 3527, Time: 00:09:38

HP:   0/44 (45)     AC:  2    Str: 13    XL:     5   Next: 23%
MP:   7/7           EV: 23    Int: 22    God:    Ru [***...]
Gold: 228           SH:  0    Dex: 24    Spells: 1/7 levels left

rFire   . . .      SeeInvis .     - Unarmed
rCold   . . .      Faith    .   (shield currently unavailable)
rNeg    . . .      Spirit   .   (body armour currently unavailable)
rPois   x          Reflect  .   (helmet currently unavailable)
rElec   .          Harm     .   (cloak currently unavailable)
rCorr   .          Rampage  .   (gloves currently unavailable)
Will    .....                   (boots currently unavailable)
Stlth   ++........              (no amulet)
HPRegen 0.00/turn               x - +6 ring of intelligence
MPRegen 0.10/turn               p - +6 ring of dexterity

@: exhausted, spider-form, wereblooded, lightly drained
A: venomous fangs, damage resistance, heal wounds, tiny, sense surroundings 1,
hated by all, inexperienced 1, no regeneration
a: Heal Wounds, End Transformation, Renounce Religion, Draw Out Power


You were on level 5 of the Dungeon.
You worshipped Ru.
Ru was most pleased with you.
You were a venomous arachnid creature.
You visited 1 branch of the dungeon, and saw 5 of its levels.
You also visited: Sewer.

You collected 228 gold pieces.


Innate Abilities, Weirdness & Mutations

You are a venomous arachnid creature.
You have poisonous fangs.
You are tiny and dextrous.
Your spellcasting is less reliable in this form.
Your armour is entirely melded.
You are incapable of wielding weapons or throwing items.
You are resistant to damage.
You can heal yourself by infusing magical energy.
You passively map a small area around you.
You are hated by all.
You are somewhat inexperienced. (-2 XL)
You do not regenerate.


   Skills:
 * Level 1.7 Fighting
 + Level 4.1 Dodging
 + Level 3.9 Unarmed Combat
 + Level 1.9 Spellcasting
 * Level 4.4 Transmutations
 + Level 1.1 Ice Magic
 * Level 2.6 Poison Magic


You had one spell level left.
You knew the following spells:

 Your Spells              Type           Power      Damage    Failure   Level
a - Beastly Appendage     Tmut           42%        N/A       9%          1
b - Wereblood             Tmut           21%        N/A       11%         2
c - Spider Form           Tmut/Pois      17%        N/A       24%         3

Your spell library contained the following spells:

 Spells                   Type           Power      Damage    Failure   Level
 Sublimation of Blood     Necr           2%         N/A       43%         2
 Ozocubu's Armour         Ice            7%         N/A       47%         3
 Gell's Gravitas          Tloc           2%         N/A       61%         3
 Teleport Other           Tloc           2%         N/A       61%         3
 Ice Form                 Ice/Tmut       14%        N/A       63%         4
 Dispersal                Tloc           1%         N/A       100%        6
 Ozocubu's Refrigeration  Ice            3%         4d5       100%        7
 Summon Hydra             Summ           Unusable   N/A       N/A         7

Inventory:

Hand Weapons
 e - a +0 club {mace}
   (You took it off a goblin on level 1 of the Dungeon)
 f - a +0 dagger {short}
   (You took it off a goblin on level 1 of the Dungeon)
 i - a +0 hand axe {axe}
   (You found it on level 1 of the Dungeon)
 j - a +0 whip {mace}
   (You took it off a kobold on level 1 of the Dungeon)
 n - a +0 whip {mace}
   (You found it on level 1 of the Dungeon)
Missiles
 c - 121 stones {throwing}
 u - 2 throwing nets {=f!fthrowing}
 A - 7 poisoned darts {throwing}
Armour
 a - a +0 robe (melded)
 m - a +0 cloak (melded)
   (You found it on level 1 of the Dungeon)
Jewellery
 p - a +6 ring of dexterity (right front leg)
   (You found it on level 4 of the Dungeon)
 x - a +6 ring of intelligence (left front leg)
   (You found it on level 3 of the Dungeon)
 y - a ring of ice
   (You found it on level 3 of the Dungeon)
Scrolls
 d - 2 scrolls of magic mapping {unknown}
 q - 3 scrolls of identify {unknown}
 s - 2 scrolls of torment {unknown}
 v - a scroll of immolation {unknown}
 w - 2 scrolls of fog {unknown}
Potions
 b - a potion of lignification {!q}
 g - a potion of mutation {unknown}
 h - a potion of haste {unknown}
 k - 2 potions of magic {unknown}
 l - 3 potions of degeneration {unknown}
 o - a potion of might {unknown}
 r - 2 potions of curing {@q1}
 t - a potion of brilliance
 z - 2 potions of berserk rage {!q}
 B - a potion of attraction {!q}
 C - 2 potions of ambrosia {unknown}
 D - a potion of invisibility {unknown}

Dungeon Overview and Level Annotations

Branches:
Dungeon (5/15)              Sewer (visited)
 Temple: D:4-7

Altars:
Cheibriados
Hepliaklqana
Ru
Vehumet

Shops:
D:5 [

Annotations:
D:3 3 runed translucent doors, Antichthon's ghost, amateur NaWr
D:4 exclusion: door
D:5 Duvessa

, , , , , * , , , , , ,
###+#####+# ,
..........# ,
.....$....# , ,
........$># , , , ,
......)...#, ,
......es..#######,
,..$.............# ,
................#, ,
######.^........#..≈≈≈≈≈
, #..........#..≈≈∩..
.............#..≈≈≈≈≈ ,
,........##...##...≈≈≈.
, ........##'###......#
* *
..##.....#...#......#


You could see Duvessa (berserk, fast, extremely poisoned).


Message History

You now have 228 gold pieces (gained 17).
You open the door.
There is an open door here.
There is an open door here.
Found Juruol's Armour Boutique.
You open the door.
There is an open door here.
You open the door.
There is an open door here.
Found a stone staircase leading down.
A jelly comes into view.
A jelly is nearby!
Casting: Beastly Appendage (safe; 2% risk of failure)
Confirm with . or Enter, or press ? or * to list all spells.
Your blood is infused with primal strength.
The jelly quivers. 😕 MP[-2]
You lost 2 mp, and now have 5/7 mp.
Casting: Wereblood (safe; 3% risk of failure)
Confirm with . or Enter, or press ? or * to list all spells.
You turn into a venomous arachnid creature.
Your +0 cloak melds into your body.
Your +0 robe melds into your body. 😕 MP[-3]
You lost 3 mp, and now have 2/7 mp.
Found 10 gold pieces.
Found a stone staircase leading up.
Duvessa and Dowan come into view.
Duvessa is wielding a +4 rapier of speed.
Duvessa shouts!
Dowan shouts!
You bite the jelly!
The jelly is poisoned.
Your front legs burn! 😕 HP[-1]
You take 1 damage, and now have 37/44 hp.
You hit the jelly.
Your front legs burn!
The jelly completely misses you. 😕 HP[-3]
You take 3 damage, and now have 34/44 hp.
You bite the jelly!
You feel a bit better.
You kill the jelly!
Dowan gestures at Duvessa while chanting.
Duvessa seems to speed up. 😕 HP[+2]
You regained 2 hp, and now have 36/44 hp.
You hit Duvessa.
Duvessa is poisoned.
You hiss as the wereblood boils in your veins!
Duvessa barely misses you.
You hit Duvessa.
Duvessa looks as sick as possible!
Duvessa completely misses you. x2
You completely miss Dowan.
Duvessa hits you with a +4 rapier of speed!
* * * LOW HITPOINT WARNING * * *
You focus your inner power and slow Duvessa in retribution!
Duvessa says, "My weaknesses are his strengths!"
Duvessa hits you with a +4 rapier of speed.
* * * LOW HITPOINT WARNING * * *
Dowan hits you with a +0 dagger. 😨 HP[-18] MP[+1]
You take 18 damage, and now have 18/44 hp.
MASSIVE DAMAGE!! (PAUSE)
You bite Dowan!
Dowan is poisoned.
You hiss as the wereblood boils in your veins!
Duvessa hits you with a +4 rapier of speed!
* * * LOW HITPOINT WARNING * * *
Dowan points at you and mumbles some strange words.
The puff of frost misses you. Duvessa barely misses you. 😱 HP[-8]
You take 8 damage, and now have 10/44 hp.
Unknown command.
You are restored by drawing out deep reserves of power within.
You feel drained. Duvessa completely misses you.
Dowan gestures at you while chanting.
The puff of frost hits you. 😮 HP[+18] MP[+4]
You now have 41 max hp (-3).
You regained 18 hp, and now have 28/41 hp.
Your mp is fully restored (7).
Unknown command.
You hit Dowan.
Dowan looks as sick as possible!
Duvessa misses you. Dowan hits you with a +0 dagger.
Duvessa hits you with a +4 rapier of speed.
* * * LOW HITPOINT WARNING * * *
😨 HP[-8]
You take 8 damage, and now have 20/41 hp.
You barely miss Duvessa.
Duvessa is no longer moving slowly.
Dowan begins to cast a spell, but is stunned by your conviction!
Duvessa is stunned by your conviction and fails to attack.
Unknown command.
You hit Duvessa but do no damage.
Duvessa looks as sick as possible!
You feel a bit better.
You kill Dowan!
Duvessa screams, "No!
How DARE you!"
Duvessa goes berserk!
Duvessa completely misses you. 😮 HP[+4]
You now have 44 max hp (+3).
You regained 4 hp, and now have 24/44 hp.
Unknown command.
You hit Duvessa but do no damage.
Duvessa looks as sick as possible!
Duvessa hits you with a +4 rapier of speed!
* * * LOW HITPOINT WARNING * * *
Duvessa hits you with a +4 rapier of speed!!
You die...

Skill      XL: |  1  2  3  4  5  6 |
---------------+-------------------+-----
Transmutations | 2 3 4 |  4.4
Unarmed Combat | 3 |  3.9
Dodging        | 3 4 |  4.1
Poison Magic   | 1 2 |  2.6
Fighting       | 1 |  1.7
Ice Magic      | 1 |  1.1
Spellcasting   | |  1.9

Action                   |  1- 3 |  4- 6 || total
-------------------------+-------+-------++-------
Melee: Unarmed           |    77 |   184 ||   261
       Kick              |    16 |    25 ||    41
       Headbutt          |    14 |    14 ||    28
       Punch             |     2 |     2 ||     4
 Cast: Beastly Appendage |    23 |    14 ||    37
       Wereblood         |    14 |    18 ||    32
       Spider Form       |       |     6 ||     6
Invok: Sacrifice Love    |     1 |       ||     1
       Draw Out Power    |       |     2 ||     2
       Sacrifice Experie |       |     1 ||     1
  Use: Potion            |       |     4 ||     4
 Stab: Sleeping          |     1 |     1 ||     2
Armor: Robe              |    19 |    61 ||    80
Dodge: Dodged            |    36 |   188 ||   224

Levels and vault maps discovered:
D:1:      heliophobic_arrival_battle_scene, layout_loops_cross,
          hellmonk_ecumenical_altar_watching_god, minmay_misc_feat_four_crosses,
          hangedman_glass_teeth
D:2:      layout_rooms, minmay_tetromino_i2
D:3:      layout_loops_ring, vehumet_crystals, gammafunk_ghost_necromancy,
          gup_sewer_entry_glass, nicolae_figureground_pulse
D:4:      layout_rooms, cheibrodos_worm_habitat
D:5:      layout_gridville, nicolae_overflow_crystal_walls,
          minmay_temple_entry_butterflies, serial_shops,
          nicolae_shop_waterfront, uniq_sigmund, uniq_ijyb, uniq_duvessa

Notes
Turn   | Place    | Note
-------+----------+-------------------------------------------
     0 | D:1      | spaghetti the Deep Dwarf Transmuter began the quest for the
                  | Orb.
     0 | D:1      | Reached XP level 1. HP: 16/16 MP: 3/3
     0 | D:1      | magus.rc [v1.9.6]
    40 | D:1      | Found a faded altar of an unknown god.
    41 | D:1      | Noticed a great orb of eyes
    45 | D:1      | Noticed a golden eye
    49 | D:1      | Noticed an eye of devastation
    49 | D:1      | Noticed a shining eye
    54 | D:1      | Prayed at the altar of an unknown god.
    54 | D:1      | Became a worshipper of Ru the Awakened
    72 | D:1      | Gained mutation: You are hated by all. [Ru sacrifice]
    72 | D:1      | Reached * piety under Ru
    72 | D:1      | Reached ** piety under Ru
   189 | D:1      | Reached skill level 2 in Transmutations
   478 | D:1      | Reached XP level 2. HP: 22/24 MP: 2/4
   481 | D:1      | Learned a level 2 spell: Wereblood
   889 | D:2      | Reached skill level 3 in Unarmed Combat
  1012 | D:2      | Reached XP level 3. HP: 24/30 MP: 1/5
  1643 | D:3      | Reached skill level 3 in Dodging
  1643 | D:3      | Reached skill level 3 in Transmutations
  1643 | D:3      | Reached XP level 4. HP: 27/37 MP: 3/6
  1648 | D:3      | Learned a level 3 spell: Spider Form
  1829 | D:3      | Found a radiant altar of Vehumet.
  2011 | D:3      | Found a runed translucent gate.
  2011 | D:3      | Found a runed translucent gate.
  2011 | D:3      | Found a runed translucent gate.
  2013 | D:3      | Noticed Antichthon's ghost (amateur NaWr)
  2065 | D:3      | You add the spells Gell's Gravitas, Teleport Other and
                  | Dispersal to your library.
  2114 | D:3      | Found a glowing drain.
  2203 | D:3      | Reached skill level 1 in Poison Magic
  2211 | D:3      | Reached XP level 5. HP: 41/43 MP: 3/7
  2224 | Sewer    | Entered a sewer
  2332 | Sewer    | Noticed a water moccasin
  2352 | Sewer    | Killed a water moccasin
  2495 | D:3      | You add the spells Ozocubu's Armour and Ozocubu's
                  | Refrigeration to your library.
  2803 | D:4      | Reached skill level 2 in Poison Magic
  2803 | D:4      | Reached XP level 6. HP: 50/50 MP: 2/8
  2814 | D:4      | Reached skill level 4 in Transmutations
  2865 | D:4      | Found a snail-covered altar of Cheibriados.
  2954 | D:4      | Gained mutation: You are somewhat inexperienced. (-2 XL)
                  | [Ru sacrifice]
  2954 | D:4      | Reached XP level 5. HP: 43/43 MP: 7/7
  2954 | D:4      | Reached XP level 4. HP: 37/37 MP: 6/6
  2954 | D:4      | Reached *** piety under Ru
  3024 | D:4      | Reached skill level 1 in Fighting
  3073 | D:4      | HP: 9/38 [iguana (11)]
  3116 | D:4      | You pick up a book of Blood and begin reading...
  3227 | D:4      | Reached skill level 4 in Dodging
  3245 | D:4      | Reached skill level 1 in Ice Magic
  3245 | D:4      | Reached XP level 5. HP: 38/44 MP: 2/7
  3333 | D:5      | Entered Level 5 of the Dungeon
  3495 | D:5      | Found Juruol's Armour Boutique.
  3514 | D:5      | Noticed Duvessa
  3514 | D:5      | Noticed Dowan
  3522 | D:5      | HP: 10/44 [Duvessa/+4 rapier of speed (8)]
  3526 | D:5      | Killed Dowan
  3527 | D:5      | Slain by Duvessa

Vanquished Creatures
  A water moccasin (Sewer)
  A necrophage (D:4)
  2 scorpions (D:4)
  Dowan (D:5)
  A jelly (D:5)
  A hound (D:4)
  An iguana (D:4)
  3 gnolls (D:4)
  10 adders
  2 dart slugs
  4 orcs
  2 ball pythons
  12 bats
  2 endoplasms
  4 giant cockroaches
  3 goblins
  9 hobgoblins
  2 frilled lizards
  3 kobolds
  6 rats
70 creatures vanquished.

Vanquished Creatures (others)
  An orc priest (D:3)
1 creature vanquished.

Grand Total: 71 creatures vanquished

Table legend:
 A = Non-vault XP
 B = Vault XP
 C = Vault XP percentage of total XP
 D = Non-vault monster count
 E = Vault monster count
 F = Vault count percentage of total count
                 A         B        C        D         E       F
            +---------+---------+-------+---------+---------+-------
      Total |     596 |     298 |  33.3 |      54 |      17 |  23.9
            +---------+---------+-------+---------+---------+-------
        D:1 |      20 |       0 |   0.0 |      10 |       0 |   0.0
        D:2 |      38 |       4 |   9.5 |      16 |       2 |  11.1
        D:3 |      89 |      55 |  38.2 |      12 |       5 |  29.4
        D:4 |     404 |       0 |   0.0 |      15 |       0 |   0.0
        D:5 |      45 |      69 |  60.5 |       1 |       1 |  50.0
      Sewer |       0 |     170 | 100.0 |       0 |       9 | 100.0
            +---------+---------+-------+---------+---------+-------

Illustrated notes

Table legend:
 A = Kills in this place as a percentage of kills in entire the game.
 B = Kills by you in this place as a percentage of kills by you in the entire game.
 C = Kills by friends in this place as a percentage of kills by friends in the entire game.
 D = Other kills in this place as a percentage of other kills in the entire game.
 E = Experience gained in this place as a percentage of experience gained in the entire game.
 F = Experience gained in this place divided by the number of levels of this place that you have seen.
                   A       B       C       D       E      F
               +-------+-------+-------+-------+-------+----------------------
         Total | 100.0 | 100.0 |   N/A | 100.0 | 100.0 | 149.0
       Dungeon |  87.3 |  87.1 |   N/A | 100.0 |  81.0 | 144.8
         Sewer |  12.7 |  12.9 |   N/A |   0.0 |  19.0 | 170.0
               +-------+-------+-------+-------+-------+----------------------

Table legend: (Time is in decaauts)
 A = Elapsed time spent in this place.
 B = Non-inter-level travel time spent in this place.
 C = Inter-level travel time spent in this place.
 D = Time resting spent in this place.
 E = Time spent auto-exploring this place.
 F = Levels seen in this place.
 G = Mean time per level.
                   A        B        C        D        E       F      G
               +--------+--------+--------+--------+--------+-----+--------+
         Total |   3510 |   3406 |    104 |      0 |   2759 |   6 |  585.0 |
       Dungeon |   3318 |   3214 |    104 |      0 |   2654 |   5 |  663.6 |
         Sewer |    192 |    192 |      0 |      0 |    105 |   1 |  192.0 |
               +--------+--------+--------+--------+--------+-----+--------+

Top non-repeatable levels by time:
     D:3: 963 daAuts
     D:1: 857 daAuts
     D:2: 722 daAuts
     D:4: 581 daAuts
     D:5: 192 daAuts
   Sewer: 192 daAuts
